[Event "Titled Tuesday Blitz December 27 Late 2022"]
[White "Ardila, Oscar Humberto"]
[Black "Dias, Joao Batista"]
[WhiteFideId "4404742"]
[BlackFideId "2108240"]
[WhiteElo "1982"]
[BlackElo "1796"]
[Result "1/2-1/2"]
[Round "08"]
[TimeControl "180+2"]
[Date "2022.12.27"]
[WhiteClock "0:01:29"]
[BlackClock "0:00:32"]

1. d4 d5 2. c4 c6 3. Nc3 Nf6 4. Nf3 g6 5. cxd5 cxd5 6. Bf4 a6 7. e3 Bg7 8. Be2 O-O 9. O-O Nc6 10. Na4 Nh5 11. Bg5 h6 12. Bh4 g5 13. Bg3 Nxg3 14. hxg3 Bg4 15. Rc1 Rc8 16. Nc5 Qa5 17. a3 b5 18. Qb3 Rfd8 19. Nb7 Qb6 20. Nxd8 Rxd8 21. Rc5 e6 22. Rfc1 Na5 23. Qb4 Bf8 24. Bf1 Bxf3 25. gxf3 Nc4 26. Bxc4 dxc4 27. f4 Rd5 28. fxg5 hxg5 29. Rxd5 Bxb4 30. Rxg5+ Kf8 31. axb4 Ke7 32. Ra1 Kf6 33. Rc5 Qd6 34. Kg2 Kg6 35. f4 f6 36. Kf3 Qb6 37. Rh1 Qb7+ 38. e4 f5 39. Re1 Kf6 40. g4 fxg4+ 41. Kxg4 Qg7+ 42. Kf3 Qh6 43. Rg5 Qh3+ 44. Rg3 Qh5+ 45. Ke3 Qh2 46. Reg1 Qxb2 47. Rg6+ Ke7 48. Rg7+ Kd6 49. e5+ Kc6 50. R1g6 Qc3+ 51. Ke2 Qd3+ 52. Ke1 Qe3+ 53. Kf1 Qxf4+ 54. Ke1 Qe3+ 55. Kf1 Qf4+ 56. Ke1 Qe3+ 57. Kf1 Qc1+ 58. Kg2 Qd2+ 59. Kh3 Qe3+ 60. Kg2 Qe2+ 61. Kg1 Qe3+ 62. Kf1 1/2-1/2


[Site "https://www.chess.com"]

[Event "Titled Tuesday Blitz December 27 Late 2022"]
[White "Aung Thant Zin"]
[Black "Bach, Matthias"]
[WhiteFideId "13000063"]
[BlackFideId "4603168"]
[WhiteElo "2268"]
[BlackElo "2214"]
[Result "0-1"]
[Round "08"]
[TimeControl "180+2"]
[Date "2022.12.27"]
[WhiteClock "0:00:02"]
[BlackClock "0:01:23"]

1. e4 e5 2. Nf3 Nc6 3. d4 exd4 4. Nxd4 Nf6 5. Nc3 Bb4 6. Nxc6 bxc6 7. Bd3 d5 8. exd5 cxd5 9. O-O O-O 10. Bg5 c6 11. h3 h6 12. Bh4 Qd6 13. Qf3 Nd7 14. Bg3 Qf6 15. Qe2 Nc5 16. Be5 Qe7 17. Bd4 Qxe2 18. Nxe2 Ne6 19. Be5 Re8 20. c3 Ba5 21. Bd6 Bc7 22. Bxc7 Nxc7 23. Rfe1 Ba6 24. Bxa6 Nxa6 25. Nd4 c5 26. Nc6 Kf8 27. Rad1 Nc7 28. Kf1 Re6 29. Na5 Rb8 30. b3 Rb5 31. Rxe6 fxe6 32. Nc6 Rb6 33. Ne5 Ke7 34. Rd3 Kd6 35. Nf7+ Ke7 36. Ne5 Ra6 37. a4 c4 38. bxc4 Rxa4 39. cxd5 Nxd5 40. Rg3 g5 41. Nc6+ Kd6 42. Nd4 Ra1+ 43. Ke2 Nf4+ 0-1


[Site "https://www.chess.com"]

[Event "Titled Tuesday Blitz December 27 Late 2022"]
[White "Averjanov, Alexey"]
[Black "Zakhartsov, Vladimir"]
[WhiteFideId "14109867"]
[BlackFideId "4145097"]
[WhiteElo "2399"]
[BlackElo "2552"]
[Result "1-0"]
[Round "08"]
[TimeControl "180+2"]
[Date "2022.12.27"]
[WhiteClock "0:00:28"]
[BlackClock "0:00:10"]

1. d4 g6 2. c4 Bg7 3. Nf3 d6 4. g3 e5 5. Bg2 exd4 6. Nxd4 Ne7 7. Nc3 Nbc6 8. Nxc6 Nxc6 9. O-O O-O 10. Qd2 Be6 11. b3 Qd7 12. Bb2 f5 13. Nd5 Rae8 14. Rac1 b6 15. Nf4 Bf7 16. Bxg7 Kxg7 17. Qc3+ Ne5 18. Nd5 c6 19. Nb4 Kg8 20. f4 a5 21. fxe5 axb4 22. Qxb4 dxe5 23. Qxb6 e4 24. Rcd1 Qe6 25. e3 Rc8 26. Qc5 Rfd8 27. Rd4 Rxd4 28. Qxd4 c5 29. Qd2 Qf6 30. Rd1 Kg7 31. Qd6 Qc3 32. Kf2 Ra8 33. Rd2 Ra6 34. Qd8 Ra8 35. Qd6 Ra6 36. Qd7 Ra7 37. Qd8 Qa1 38. Bf1 Rxa2 39. Be2 Rxd2 40. Qxd2 Qh1 41. Qd6 Qxh2+ 42. Ke1 Qg1+ 43. Kd2 Qb1 44. Qe5+ Kh6 45. Qxc5 Qb2+ 46. Ke1 Kg7 47. Qd4+ Qxd4 48. exd4 g5 49. b4 f4 50. gxf4 gxf4 51. b5 f3 52. b6 1-0


[Site "https://www.chess.com"]

[Event "Titled Tuesday Blitz December 27 Late 2022"]
[White "Bambino Filho, Antonio Carlos"]
[Black "Sourath Biswas"]
[WhiteFideId "2113163"]
[BlackFideId "35091484"]
[WhiteElo "2144"]
[BlackElo "2281"]
[Result "0-1"]
[Round "08"]
[TimeControl "180+2"]
[Date "2022.12.27"]
[WhiteClock "0:00:50"]
[BlackClock "0:00:38"]

1. e4 c6 2. d4 d5 3. exd5 cxd5 4. c4 Nc6 5. Nf3 Nf6 6. Nc3 Bg4 7. cxd5 Nxd5 8. Qb3 Bxf3 9. Qxb7 Ndb4 10. Nb5 Nxd4 11. Nc7+ Qxc7 12. Qxc7 Ndc2+ 13. Kd2 Rd8+ 14. Qxd8+ Kxd8 15. gxf3 Nxa1 16. Bc4 e6 17. Kc3 Nc6 18. Bg5+ f6 19. Rd1+ Kc7 20. Be3 Bb4+ 21. Kd3 Rd8+ 22. Ke2 Nc2 23. Bxe6 N2d4+ 0-1


[Site "https://www.chess.com"]

[Event "Titled Tuesday Blitz December 27 Late 2022"]
[White "Barp, Alberto"]
[Black "Karacsonyi, Gellert"]
[WhiteFideId "872555"]
[BlackFideId "764620"]
[WhiteElo "2432"]
[BlackElo "2385"]
[Result "1-0"]
[Round "08"]
[TimeControl "180+2"]
[Date "2022.12.27"]
[WhiteClock "0:02:01"]
[BlackClock "0:02:31"]

1. d4 Nf6 2. c4 e6 3. g3 d5 4. Bg2 dxc4 5. Nf3 Bd7 6. Ne5 Bc6 7. Nxc6 Nxc6 8. O-O Qd7 9. e3 O-O-O 10. Nd2 e5 11. Nxc4 exd4 12. Qa4 Nd5 13. exd4 Kb8 14. Rd1 h5 15. Ne3 Nce7 16. Qb3 Nxe3 17. Bxe3 Nd5 18. Rac1 f6 19. Bf4 1-0


[Site "https://www.chess.com"]

[Event "Titled Tuesday Blitz December 27 Late 2022"]
[White "Bas Mas, Jose Joaquin"]
[Black "Kretchetov, Alexandre"]
[WhiteFideId "22219064"]
[BlackFideId "4124588"]
[WhiteElo "2197"]
[BlackElo "2195"]
[Result "0-1"]
[Round "08"]
[TimeControl "180+2"]
[Date "2022.12.27"]
[WhiteClock "0:01:43"]
[BlackClock "0:01:01"]

1. e4 e5 2. Nc3 Nf6 3. g3 Bc5 4. Bg2 a6 5. Nge2 Nc6 6. h3 d6 7. d3 h6 8. O-O Be6 9. Nd5 Qd7 10. Kh2 Bxd5 11. exd5 Ne7 12. d4 exd4 13. Nxd4 Nfxd5 14. c4 Nf6 15. Bxb7 Rb8 16. Bg2 O-O 17. b3 a5 18. Bb2 a4 19. Re1 axb3 20. axb3 Ng6 21. Qf3 Ne5 22. Qf4 Nd3 23. Qd2 Nxe1 24. Rxe1 Bxd4 25. Qxd4 Rxb3 26. Bd5 Re8 27. Rxe8+ Qxe8 28. Bc1 Nxd5 29. Qxd5 Qe6 0-1


[Site "https://www.chess.com"]

[Event "Titled Tuesday Blitz December 27 Late 2022"]
[White "Beerdsen, Thomas"]
[Black "Yurovskykh, Oleksandr"]
[WhiteFideId "1030108"]
[BlackFideId "14134020"]
[WhiteElo "2507"]
[BlackElo "2328"]
[Result "1-0"]
[Round "08"]
[TimeControl "180+2"]
[Date "2022.12.27"]
[WhiteClock "0:01:39"]
[BlackClock "0:00:07"]

1. e4 d5 2. exd5 Qxd5 3. Nc3 Qd8 4. Bc4 c5 5. Qh5 e6 6. Nf3 Nf6 7. Qh4 Nc6 8. O-O Be7 9. Re1 O-O 10. d3 a6 11. a4 b6 12. Bd2 Bb7 13. Ng5 h6 14. Nxf7 Rxf7 15. Rxe6 Nd4 16. Rae1 Nxe6 17. Rxe6 Nd5 18. Qh5 Bg5 19. Bxg5 hxg5 20. Ne4 Nf4 21. Qg4 Bd5 22. Rd6 Bxc4 23. Rxd8+ Rxd8 24. dxc4 Re7 25. f3 Re5 26. h4 Ne6 27. hxg5 Rd4 28. c3 Rd1+ 29. Kh2 Rb1 30. Qg3 Rf5 31. Qb8+ Rf8 32. Qxb6 Nf4 33. Nxc5 Rc1 34. Ne6 Nxe6 35. Qxe6+ Kh8 36. g6 1-0


[Site "https://www.chess.com"]

[Event "Titled Tuesday Blitz December 27 Late 2022"]
[White "Bilan, Danila"]
[Black "Yano, William Jorge Froes"]
[WhiteFideId "24161918"]
[BlackFideId "2112949"]
[WhiteElo "2303"]
[BlackElo "2045"]
[Result "1-0"]
[Round "08"]
[TimeControl "180+2"]
[Date "2022.12.27"]
[WhiteClock "0:00:05"]
[BlackClock "0:00:04"]

1. d4 Nf6 2. Nf3 c5 3. e3 g6 4. Be2 Bg7 5. O-O O-O 6. b3 cxd4 7. exd4 d5 8. Bb2 Nc6 9. c4 Bg4 10. h3 Be6 11. Nc3 a6 12. Ne5 Rc8 13. Nxc6 Rxc6 14. c5 h5 15. b4 Rc8 16. Bf3 Qd7 17. a4 Rfd8 18. Re1 Kf8 19. b5 Nh7 20. Qd2 Bf6 21. bxa6 bxa6 22. a5 Rb8 23. Na4 Rb3 24. Nb6 Qc7 25. Ra3 Rxa3 26. Bxa3 Kg7 27. Bc1 Bg5 28. Qd3 Bf5 29. Qxa6 Bxc1 30. Rxc1 Qf4 31. Qf1 Qxd4 32. a6 e6 33. a7 Bd3 34. Qd1 Nf6 35. a8=Q Rxa8 36. Nxa8 Ne4 37. Bxe4 dxe4 38. c6 e3 39. fxe3 Qxe3+ 40. Kh1 Be4 41. Kh2 Qf4+ 42. Kg1 Qe3+ 43. Kf1 Qf4+ 44. Ke1 Qg3+ 45. Kd2 Qd3+ 46. Ke1 Qg3+ 47. Kf1 Qf4+ 48. Ke2 Qg3 49. Qd4+ e5 50. Qxe4 f5 51. Qf3 Qg5 52. Rd1 Qe7 53. Qc3 Kf6 54. c7 Qc5 55. Qxc5 Kg5 56. Qxe5 1-0


[Site "https://www.chess.com"]

[Event "Titled Tuesday Blitz December 27 Late 2022"]
[White "Bogaudinov, Rushan"]
[Black "Slade, Theodore"]
[WhiteFideId "4129288"]
[BlackFideId "426547"]
[WhiteElo "1939"]
[BlackElo "1995"]
[Result "1-0"]
[Round "08"]
[TimeControl "180+2"]
[Date "2022.12.27"]
[WhiteClock "0:00:32"]
[BlackClock "0:00:03"]

1. e4 e5 2. Nc3 Nf6 3. g3 d5 4. exd5 Nxd5 5. Bg2 Nxc3 6. bxc3 Nc6 7. Nf3 Bc5 8. O-O O-O 9. d3 Bg4 10. Qe1 f6 11. Rb1 Bb6 12. Nd2 Qd7 13. Nc4 Rad8 14. a4 Bh3 15. Qe4 Bxg2 16. Qxg2 Rfe8 17. Rb5 Rb8 18. Qd5+ Qxd5 19. Rxd5 Ne7 20. Rb5 a6 21. Rb3 Nd5 22. Nxb6 Nxb6 23. a5 Nd7 24. Be3 b5 25. axb6 cxb6 26. c4 Rb7 27. Rfb1 Reb8 28. c5 Rc8 29. cxb6 Rxc2 30. Ra1 Nc5 31. Bxc5 Rxc5 32. Rxa6 Kf7 33. Ra7 Rxa7 34. bxa7 Ra5 35. Rb7+ Kg6 36. Kg2 Ra3 37. Rd7 f5 38. h4 Kf6 39. Kf1 Ra2 40. Ke1 h6 41. Kd1 g5 42. hxg5+ hxg5 43. Kc1 Ke6 44. Rb7 Kd5 45. Kb1 Ra6 46. Kc2 g4 47. Kc3 Ra1 48. Rf7 f4 49. gxf4 exf4 50. Rf5+ Ke6 51. Rxf4 Ra3+ 52. Kd2 Rxa7 53. Rxg4 Kf5 54. Re4 Ra1 55. Re8 Ra2+ 56. Ke3 Ra1 57. Rh8 Re1+ 58. Kd4 Rf1 59. Kd5 1-0


[Site "https://www.chess.com"]

[Event "Titled Tuesday Blitz December 27 Late 2022"]
[White "Bryakin, Mikhail"]
[Black "Solon, Nathan"]
[WhiteFideId "4165314"]
[BlackFideId "2017229"]
[WhiteElo "2455"]
[BlackElo "2306"]
[Result "1-0"]
[Round "08"]
[TimeControl "180+2"]
[Date "2022.12.27"]
[WhiteClock "0:00:08"]
[BlackClock "0:00:05"]

1. Nf3 d5 2. c4 e6 3. b3 d4 4. d3 Nc6 5. g3 e5 6. Bg2 Bb4+ 7. Nbd2 a5 8. a3 Bc5 9. Bb2 Nf6 10. Ng5 O-O 11. O-O Re8 12. Nge4 Nxe4 13. dxe4 Qe7 14. Nf3 Be6 15. Ne1 Rad8 16. Nd3 Ba7 17. Rc1 f6 18. c5 Qf7 19. b4 Bc4 20. Qd2 b5 21. f4 Qe7 22. f5 Ra8 23. g4 axb4 24. axb4 Bb8 25. Ra1 Rxa1 26. Rxa1 Nd8 27. h4 Nf7 28. Bf3 c6 29. Qc1 g6 30. Kf2 gxf5 31. gxf5 Kh8 32. Ra6 Rg8 33. Rxc6 Nd8 34. Ra6 Qg7 35. Qh1 Qg3+ 36. Kf1 Bxd3 37. exd3 Qf4 38. Ra1 Qd2 39. Bc1 Qc3 40. Qh2 Qxa1 41. Qd2 Nc6 42. Qh6 Rg7 43. Ke2 Qa2+ 44. Bd2 Qf7 45. Bh5 Qf8 46. Bg5 fxg5 47. hxg5 Nd8 48. g6 Qf6 49. Bf3 Nc6 50. Qh1 Nxb4 51. Qb1 Nc6 52. Qxb5 Rg8 53. Bh5 h6 54. Qc4 Rg7 55. Qd5 Bc7 56. Qa2 Nd8 57. Qa8 Qe7 58. Qc8 Qg5 59. Bf3 Qh4 60. Qa6 Qh2+ 61. Kd1 Qg1+ 62. Kc2 Qe3 63. Bd1 Qf2+ 64. Kc1 h5 65. Qf6 Qe3+ 66. Kc2 Qf2+ 67. Kb3 Qe1 68. Qf8+ Rg8 69. Qh6# 1-0


[Site "https://www.chess.com"]

[Event "Titled Tuesday Blitz December 27 Late 2022"]
[White "Can, Melih Kaan"]
[Black "Poliakova, Varvara"]
[WhiteFideId "6317383"]
[BlackFideId "13518313"]
[WhiteElo "2069"]
[BlackElo "2010"]
[Result "0-1"]
[Round "08"]
[TimeControl "180+2"]
[Date "2022.12.27"]
[WhiteClock "0:00:05"]
[BlackClock "0:00:33"]

1. e4 e5 2. Nf3 Nc6 3. Bb5 a6 4. Ba4 Nf6 5. d4 exd4 6. O-O Be7 7. Re1 b5 8. e5 Nxe5 9. Rxe5 bxa4 10. Nxd4 O-O 11. Nf5 Re8 12. Bg5 d6 13. Nxe7+ Rxe7 14. Bxf6 gxf6 15. Rh5 Qe8 16. Nc3 Bb7 17. h3 a3 18. b3 Kh8 19. Qd4 Re5 20. Rh6 Qg8 21. g3 Qg5 22. Qh4 Qxh4 23. Rxh4 Rae8 24. f3 Re1+ 25. Rxe1 Rxe1+ 26. Kf2 Rc1 27. Rb4 Rxc2+ 28. Ne2 Bd5 29. Ke3 Rxa2 30. Nc3 Ra1 31. Ra4 Bxb3 32. Rxa6 a2 33. Kf4 Kg7 34. Ra3 Be6 35. Ra7 Rc1 36. Nxa2 Ra1 37. Rxc7 Rxa2 38. g4 Bd5 39. Rc3 Rb2 40. Rd3 Bb7 41. Rxd6 Rb3 42. Kg3 Rxf3+ 43. Kh4 Kg6 44. Rb6 Bd5 45. Rb8 Kg7 46. Rd8 Rd3 47. Rd7 Be4 48. Re7 Bg2 49. g5 f5 50. g6 Rxh3+ 51. Kg5 h6+ 52. Kf4 Kxg6 0-1


[Site "https://www.chess.com"]

[Event "Titled Tuesday Blitz December 27 Late 2022"]
[White "Carbone, Diego"]
[Black "Arnold, Ken"]
[WhiteFideId "3002179"]
[BlackFideId "2056836"]
[WhiteElo "2336"]
[BlackElo "2355"]
[Result "1-0"]
[Round "08"]
[TimeControl "180+2"]
[Date "2022.12.27"]
[WhiteClock "0:00:08"]
[BlackClock "0:00:12"]

1. d4 d5 2. c4 c6 3. g3 Nf6 4. Nf3 Bf5 5. Nbd2 e6 6. Bg2 Nbd7 7. O-O Bd6 8. b3 O-O 9. Bb2 Qc7 10. Nh4 Bg6 11. Nxg6 hxg6 12. Rc1 Rfe8 13. Nf3 Rad8 14. Qc2 Qb8 15. cxd5 exd5 16. e3 Ne4 17. Ne1 Ndf6 18. Nd3 g5 19. f3 Nxg3 20. hxg3 Bxg3 21. Ne5 Qd6 22. Bh3 g4 23. Bxg4 Nxg4 24. fxg4 Qh6 25. Qg2 Qxe3+ 26. Kh1 Re6 27. g5 Qxg5 28. Nf3 Rh6+ 29. Kg1 Qe3+ 30. Rf2 Rdd6 31. Rc3 Bxf2+ 32. Kf1 Qf4 33. Kxf2 Rdg6 34. Qf1 Rh2+ 35. Ke1 Re6+ 36. Kd1 Qg4 37. Bc1 Rg2 38. Bd2 Rg1 39. Qxg1 Qe4 40. Qf2 Qb1+ 41. Rc1 Qd3 42. Ne5 f6 43. Nxd3 1-0


[Site "https://www.chess.com"]

[Event "Titled Tuesday Blitz December 27 Late 2022"]
[White "Corredor Castellanos, Camilo"]
[Black "Fernandez Garcia, Gumersindo"]
[WhiteFideId "4425871"]
[BlackFideId "24516740"]
[WhiteElo "1957"]
[BlackElo "2160"]
[Result "0-1"]
[Round "08"]
[TimeControl "180+2"]
[Date "2022.12.27"]
[WhiteClock "0:00:45"]
[BlackClock "0:00:57"]

1. e4 c5 2. Nf3 g6 3. d4 cxd4 4. Nxd4 Bg7 5. c4 Nc6 6. Nc2 Nf6 7. Nc3 d6 8. Be2 O-O 9. O-O Bd7 10. Be3 Rc8 11. Rb1 a6 12. f3 Ne5 13. b3 b5 14. f4 Neg4 15. Bd4 e5 16. fxe5 dxe5 17. Bf2 Nxf2 18. Rxf2 Be6 19. Ne3 Bh6 20. Qxd8 Rfxd8 21. Rxf6 Bxe3+ 22. Kf1 bxc4 23. bxc4 Bxc4 24. Bxc4 Rxc4 25. Nd5 Rxe4 26. Rb7 Rxd5 27. Rfxf7 Rf4+ 28. Rxf4 exf4 29. Ke2 Rd2+ 30. Kf3 Rxa2 31. h4 Rf2+ 32. Ke4 Rxg2 33. Ke5 f3 34. Rd7 f2 0-1


[Site "https://www.chess.com"]

[Event "Titled Tuesday Blitz December 27 Late 2022"]
[White "Curtis, John"]
[Black "Novikov, Evgenij"]
[WhiteFideId "3200256"]
[BlackFideId "4125380"]
[WhiteElo "2292"]
[BlackElo "2276"]
[Result "0-1"]
[Round "08"]
[TimeControl "180+2"]
[Date "2022.12.27"]
[WhiteClock "0:00:03"]
[BlackClock "0:01:11"]

1. e4 e5 2. Nc3 d6 3. f4 Nc6 4. Bb5 Bd7 5. d3 Nge7 6. Nf3 a6 7. Bc4 Na5 8. fxe5 Nxc4 9. dxc4 Ng6 10. Bg5 Qb8 11. exd6 Bxd6 12. Qd2 O-O 13. O-O-O Be6 14. Nd5 b5 15. h4 bxc4 16. h5 Ne5 17. h6 Bxd5 18. hxg7 Re8 19. exd5 Qb4 20. Qxb4 Bxb4 21. Nxe5 Rxe5 22. Bf6 Rf5 23. Bc3 Bxc3 24. bxc3 Kxg7 25. Rh4 Rd8 26. Rxc4 Rdxd5 27. Rxd5 Rxd5 28. Rxc7 Rg5 0-1


[Site "https://www.chess.com"]

[Event "Titled Tuesday Blitz December 27 Late 2022"]
[White "Deac, Bogdan-Daniel"]
[Black "Gubajdullin, Alexei"]
[WhiteFideId "1226380"]
[BlackFideId "4141202"]
[WhiteElo "2700"]
[BlackElo "2285"]
[Result "1-0"]
[Round "08"]
[TimeControl "180+2"]
[Date "2022.12.27"]
[WhiteClock "0:00:11"]
[BlackClock "0:00:01"]

1. b3 g6 2. Bb2 Nf6 3. Nf3 Bg7 4. g3 O-O 5. Bg2 c5 6. c4 d5 7. cxd5 Nxd5 8. Bxg7 Kxg7 9. O-O Nc6 10. d4 cxd4 11. Nxd4 Nxd4 12. Qxd4+ Nf6 13. Qb2 Qb6 14. Nc3 Be6 15. Na4 Qb4 16. Rac1 Rac8 17. h3 b5 18. Nc3 Qd4 19. Rfd1 Qe5 20. f4 Qe3+ 21. Kh2 Kg8 22. Rd3 Qc5 23. e4 b4 24. Ne2 Qf2 25. Rf1 Qc5 26. Nd4 Bd7 27. Qd2 Rc7 28. e5 Nh5 29. f5 Qxe5 30. Re1 Qf6 31. g4 Ng7 32. g5 Qd6+ 33. Kh1 Qc5 34. f6 exf6 35. gxf6 Nh5 36. Rf1 Qe5 37. Qf2 Bb5 38. Nxb5 Qxb5 39. Rd5 Qb6 40. Qh4 Rfc8 41. Rxh5 Rc1 42. Re5 Rxf1+ 43. Bxf1 Qd6 44. Re4 Qd1 45. Kg1 Rf8 46. Qh6 1-0


[Site "https://www.chess.com"]

[Event "Titled Tuesday Blitz December 27 Late 2022"]
[White "Defend, Balint"]
[Black "Rian, Kapriaga"]
[WhiteFideId "17004853"]
[BlackFideId "7103263"]
[WhiteElo "1673"]
[BlackElo "2089"]
[Result "1-0"]
[Round "08"]
[TimeControl "180+2"]
[Date "2022.12.27"]
[WhiteClock "0:01:20"]
[BlackClock "0:01:02"]

1. e4 c6 2. d4 d5 3. e5 c5 4. dxc5 e6 5. Be3 Nh6 6. f4 Nf5 7. Bf2 Qa5+ 8. Nd2 Bxc5 9. Qf3 h5 10. c3 Nd7 11. Nb3 Bxf2+ 12. Qxf2 Qc7 13. Nf3 b6 14. g3 a5 15. Bd3 Ba6 16. Bxa6 Rxa6 17. Nbd4 Nxd4 18. Nxd4 O-O 19. O-O Nc5 20. Rad1 g6 21. Qe2 Ne4 22. Qxa6 Qc5 23. Qb5 Qc7 24. Qd3 Qc5 25. a3 Rc8 26. Rc1 Rb8 27. Kg2 b5 28. Rc2 Kg7 29. Rfc1 Kg8 30. b4 Qb6 31. Nf3 Ra8 32. Re1 Qc6 33. Nd4 Qd7 34. Qxb5 Qc7 35. Qc6 Qa7 36. b5 Rb8 37. a4 Nc5 38. b6 Qxb6 39. Qxb6 Rxb6 40. c4 Nd3 41. Re3 Nb4 42. Rcc3 dxc4 43. Rxc4 Nd5 44. Rb3 Nb4 45. Kf3 Rb8 46. Rbc3 Kg7 47. Rc8 Rb6 48. Nb5 Nd5 49. R3c6 Rb7 50. Ra8 Rd7 51. Ra7 Rd8 52. Nd6 Rb8 53. Rxf7+ Kh6 54. Rb7 g5 55. Rxb8 g4+ 56. Ke4 h4 57. Nf5+ Kg6 58. Rxe6+ Kh5 59. Rh8# 1-0


[Site "https://www.chess.com"]

[Event "Titled Tuesday Blitz December 27 Late 2022"]
[White "Djokic, Mihailo"]
[Black "Papayan, Oleg"]
[WhiteFideId "976440"]
[BlackFideId "4193911"]
[WhiteElo "2192"]
[BlackElo "2253"]
[Result "0-1"]
[Round "08"]
[TimeControl "180+2"]
[Date "2022.12.27"]
[WhiteClock "0:00:13"]
[BlackClock "0:00:04"]

1. e4 e5 2. Nf3 Nc6 3. Nc3 Nf6 4. Bb5 Nd4 5. Ba4 Bc5 6. Nxe5 Qe7 7. Nd3 Nxe4 8. O-O Nxc3 9. dxc3 Ne6 10. Nxc5 Qxc5 11. Be3 Qa5 12. Bb3 O-O 13. Re1 d6 14. Qf3 c6 15. Rad1 Qc7 16. Qg3 d5 17. Qxc7 Nxc7 18. Bc5 Re8 19. Rxe8+ Nxe8 20. c4 b6 21. Be3 dxc4 22. Bxc4 Bf5 23. f3 Bxc2 24. Rd7 Bg6 25. b4 Nf6 26. Rc7 Nd5 27. Bxd5 cxd5 28. a4 f6 29. b5 Be8 30. Kf2 a6 31. Bxb6 axb5 32. a5 b4 33. Ke3 Bb5 34. Kd4 b3 35. Kc3 Bc4 36. Rd7 h5 37. h4 Kh7 38. Kb2 Kg6 39. g4 hxg4 40. fxg4 Rh8 41. h5+ Kh6 42. Be3+ Kh7 43. Bd4 Kh6 44. Ra7 Rg8 45. a6 Kg5 46. Kc3 Kxg4 47. h6 gxh6 48. Bxf6 h5 49. Kb2 h4 50. Rh7 Bxa6 51. Rxh4+ Kf5 52. Bd4 Bc4 53. Rh5+ Ke4 54. Rh4+ Kd3 55. Be5 Rg2+ 56. Ka3 Ra2+ 57. Kb4 b2 58. Rh3+ Ke4 0-1


[Site "https://www.chess.com"]

[Event "Titled Tuesday Blitz December 27 Late 2022"]
[White "Domingo Nunez, Ruben"]
[Black "Martinez Reyes, Pedro Ramon"]
[WhiteFideId "22245570"]
[BlackFideId "3901807"]
[WhiteElo "2416"]
[BlackElo "2376"]
[Result "1-0"]
[Round "08"]
[TimeControl "180+2"]
[Date "2022.12.27"]
[WhiteClock "0:00:46"]
[BlackClock "0:01:14"]

1. e4 Nf6 2. e5 Ng8 3. Nc3 d6 4. f4 Bf5 5. g4 Bc8 6. d4 h5 7. g5 Bg4 8. Be2 Bxe2 9. Qxe2 c6 10. g6 f6 11. Nf3 d5 12. exf6 Nxf6 13. Qe6 Qd6 14. Qf7+ Kd8 15. Ng5 Kd7 16. Bd2 Na6 17. O-O-O Nc7 18. Rde1 Re8 19. f5 h4 20. Rhf1 Qxh2 21. Bf4 Qg2 22. Ne6 Nxe6 23. Qxe6+ Kd8 24. Qe5 1-0


[Site "https://www.chess.com"]

[Event "Titled Tuesday Blitz December 27 Late 2022"]
[White "Dzierzak, Radoslaw"]
[Black "Weisz, Bryan"]
[WhiteFideId "1161407"]
[BlackFideId "30934133"]
[WhiteElo "2220"]
[BlackElo "1973"]
[Result "1-0"]
[Round "08"]
[TimeControl "180+2"]
[Date "2022.12.27"]
[WhiteClock "0:00:13"]
[BlackClock "0:00:05"]

1. e4 a5 2. d4 e6 3. Nf3 d5 4. e5 c5 5. c3 b6 6. a4 Ba6 7. Bb5+ Bxb5 8. axb5 Nd7 9. O-O Ne7 10. c4 dxc4 11. Nc3 cxd4 12. Qxd4 Nc5 13. Qxc4 Qd3 14. Qxd3 Nxd3 15. Be3 Rb8 16. Na4 Nc8 17. Rfd1 Nb4 18. Rac1 Nd5 19. Nd4 Na7 20. Nc6 Nxc6 21. bxc6 Bc5 22. Bxc5 bxc5 23. Rxc5 Ke7 24. Rxa5 Rhc8 25. Ra7+ Ke8 26. Rc1 Rb4 27. g3 Ne7 28. c7 Rb5 29. f4 Nd5 30. Rc6 Kd7 31. Rd6+ Ke7 32. Nc3 Rxb2 33. Nxd5+ exd5 34. Rxd5 Rc2 35. Rb5 R2xc7 36. Rbb7 Rxb7 37. Rxb7+ Ke6 38. Kg2 Rc2+ 39. Kf3 Rxh2 40. g4 Rh3+ 41. Ke4 g6 42. f5+ gxf5+ 43. gxf5# 1-0


[Site "https://www.chess.com"]

[Event "Titled Tuesday Blitz December 27 Late 2022"]
[White "Ezat, Mohamed"]
[Black "Pershin, Denis"]
[WhiteFideId "10600906"]
[BlackFideId "24165506"]
[WhiteElo "2402"]
[BlackElo "2366"]
[Result "0-1"]
[Round "08"]
[TimeControl "180+2"]
[Date "2022.12.27"]
[WhiteClock "0:01:07"]
[BlackClock "0:00:29"]

1. d4 d5 2. c4 c6 3. Nc3 dxc4 4. e4 b5 5. a4 b4 6. Na2 Nf6 7. e5 Nd5 8. Bxc4 Bf5 9. Nf3 e6 10. O-O Be7 11. Bd2 a5 12. Nc1 O-O 13. Nb3 Nd7 14. Rc1 N7b6 15. Be2 Nxa4 16. Rxc6 Nxb2 17. Qa1 a4 18. Qxb2 axb3 19. Qxb3 Ra3 20. Qb2 Qa8 21. Rfc1 Ra2 22. Qb3 Be4 23. Bc4 Ra3 24. Bxd5 Bxd5 25. Qc2 Bxc6 26. Qxc6 Qxc6 27. Rxc6 Ra1+ 28. Ne1 Rd8 29. Kf1 Rxd4 30. Ke2 b3 31. Rb6 Ra2 32. Nf3 Rb4 33. Rxb4 Bxb4 34. Kd3 b2 35. Kc2 b1=Q+ 36. Kxb1 Rxd2 37. Nxd2 Bxd2 38. g3 Be1 39. f4 Bf2 40. Kc2 Bg1 0-1


[Site "https://www.chess.com"]

[Event "Titled Tuesday Blitz December 27 Late 2022"]
[White "Fernandez Guillen, Ernesto J."]
[Black "Lenderman, Aleksandr"]
[WhiteFideId "3512428"]
[BlackFideId "2021285"]
[WhiteElo "2477"]
[BlackElo "2572"]
[Result "1-0"]
[Round "08"]
[TimeControl "180+2"]
[Date "2022.12.27"]
[WhiteClock "0:00:52"]
[BlackClock "0:01:20"]

1. e4 e6 2. Nf3 d5 3. Nc3 Nf6 4. e5 Nfd7 5. d4 c5 6. Ne2 cxd4 7. Nexd4 Nc6 8. Nxc6 bxc6 9. c3 Qc7 10. Bf4 Qb6 11. Qd2 Ba6 12. Bxa6 Qxa6 13. Qe2 Qxe2+ 14. Kxe2 a5 15. b3 Be7 16. Nd4 O-O-O 17. Nxc6 Rde8 18. Nxa5 Kc7 19. b4 Ra8 20. a4 Rhb8 21. Nb3 Nb6 22. a5 Nc4 23. Nd4 Kd7 24. Bg3 Rc8 25. Rhb1 f6 26. f4 fxe5 27. fxe5 Bg5 28. Kd3 Nd2 29. Rb2 Ne4 30. Be1 Rc4 31. a6 Bf4 32. Nf3 Kc6 33. b5+ Kb6 34. g3 Bh6 35. Nd4 Nc5+ 36. Ke2 g6 37. Bf2 Ne4 38. Bg1 Nxc3+ 39. Kd3 Na4 40. Nxe6+ Ka5 41. Nc5 Rc3+ 42. Kd4 Rxc5 43. Rxa4+ Kxa4 44. Kxc5 Bf8+ 45. Kxd5 1-0


[Site "https://www.chess.com"]

[Event "Titled Tuesday Blitz December 27 Late 2022"]
[White "Fernandez Hernandez, Gerardo"]
[Black "Li, Hui"]
[WhiteFideId "2207400"]
[BlackFideId "15400310"]
[WhiteElo "2181"]
[BlackElo "1963"]
[Result "1-0"]
[Round "08"]
[TimeControl "180+2"]
[Date "2022.12.27"]
[WhiteClock "0:00:20"]
[BlackClock "0:00:07"]

1. e4 e5 2. Nf3 Nf6 3. Nc3 Nc6 4. d4 exd4 5. Nxd4 Bb4 6. Nxc6 bxc6 7. Bd3 O-O 8. O-O d5 9. exd5 cxd5 10. h3 c6 11. Qf3 Bd6 12. Bg5 Rb8 13. b3 Be5 14. Bd2 Be6 15. Rfe1 Bd6 16. Rad1 Qc7 17. Ne2 Nd7 18. Bf4 Ne5 19. Qg3 Rbd8 20. Qh4 Ng6 21. Bxd6 Qxd6 22. Bxg6 hxg6 23. Nd4 Bf5 24. c4 dxc4 25. Nxf5 g5 26. Qxg5 Qf6 27. Qxf6 gxf6 28. bxc4 Kh7 29. Ne7 Rfe8 30. Rxd8 Rxd8 31. Nxc6 Rd2 32. a4 a6 33. a5 Rc2 34. Re4 f5 35. Rf4 Kg6 36. g3 Kf6 37. Kg2 Ke6 38. Nd4+ 1-0


[Site "https://www.chess.com"]